 Dungeon Crawl Stone Soup version 0.31-a0-4-gefa6de2278 (webtiles) character file.

Game seed: 11754642196836616690

44 porpoise the Chopper (level 3, -5/39 HPs)
             Began as an Ogre Gladiator on May 5, 2023.
             Slain by a gnoll
             ... wielding a +0 halberd
              (12 damage)
             ... on level 2 of the Dungeon.
             The game lasted 00:04:22 (1318 turns).

porpoise the Chopper (Ogre Gladiator)               Turns: 1318, Time: 00:04:22

Health: -5/39      AC:  3    Str: 20    XL:     3   Next: 62%
Magic:  3/3        EV: 10    Int:  9    God:
Gold:   95         SH:  0    Dex: 10    Spells: 2/2 levels left

rFire   . . .        a - +0 war axe
rCold   . . .        (no shield)
rNeg    . . .        b - +0 robe
rPois   .            c - +0 hat
rElec   .            (no cloak)
rCorr   .            (gloves unavailable)
SInv    .            (boots unavailable)
Will    .....        (no amulet)
Stlth   +            (no ring)
HPRegen 0.26/turn    (no ring)
MPRegen 0.08/turn

%: no passive effects
@: no status effects
A: large, unfitting armour, tough skin 1
a: no special abilities


You were on level 2 of the Dungeon.
You visited 1 branch of the dungeon, and saw 2 of its levels.

You collected 95 gold pieces.

Inventory:

Hand Weapons
 a - a +0 war axe (weapon)
Missiles
 d - 3 throwing nets (quivered)
 e - a large rock
 g - 7 poisoned darts
Armour
 b - a +0 robe (worn)
 c - a +0 hat (worn)
Scrolls
 j - a scroll of teleportation {unknown}
Potions
 f - a potion of might {unknown}
 h - 3 potions of degeneration {unknown}
 i - a potion of brilliance {unknown}
 k - a potion of curing {unknown}
 l - a potion of lignification {unknown}
 m - a potion of haste {unknown}


   Skills:
 + Level 3.6 Fighting
 * Level 4.1 Axes
 - Level 2.0 Throwing
 - Level 2.6 Dodging


You had 2 spell levels left.
You didn't know any spells.
Your spell library was empty.

Dungeon Overview and Level Annotations

Branches:
Dungeon (2/15)

Altars:


Innate Abilities, Weirdness & Mutations

You are too large for most types of armour.
You have tough skin. (AC +1)


Message History

A gnoll comes into view. It is wielding a +0 halberd.
Found 21 gold pieces.
You hit the gnoll.
The gnoll is moderately wounded.
The gnoll hits you with a +0 whip. The gnoll barely misses you.
You hit the gnoll.
The gnoll is almost dead.
The gnoll barely misses you. The gnoll hits you with a +0 whip.
A ball python comes into view.
You barely miss the gnoll.
The gnoll is almost dead.
The gnoll hits you with a +0 whip. The gnoll barely misses you.
A frilled lizard comes into view.
The gnoll hits you with a +0 whip.
The gnoll hits you from afar with a +0 halberd!
The frilled lizard hisses angrily.
You slash the gnoll!
You kill the gnoll!
The gnoll barely misses you.
A quokka comes into view.
You barely miss the gnoll. The gnoll barely misses you.
The gnoll hits you but does no damage.
You barely miss the gnoll. The gnoll hits you with a +0 flail.
* * * LOW HITPOINT WARNING * * *
The gnoll hits you from afar with a +0 halberd.
* * * LOW HITPOINT WARNING * * *
The gnoll barely misses you. x2
You slash the gnoll!
The gnoll is almost dead.
The gnoll closely misses you. The gnoll barely misses you.
You hit the gnoll.
You kill the gnoll!
The gnoll barely misses you.
Your Axes skill increases to level 4!
You barely miss the rat. The gnoll barely misses you. The rat bites you.
* * * LOW HITPOINT WARNING * * *
You hit the rat but do no damage. The gnoll hits you but does no damage.
The rat bites you but does no damage. The rat closely misses you.
The gnoll hits you from afar with a +0 halberd!
You die...

#.#.#.# ....
#.#.#.# ....
#.#...# .....
#.#######......
#.......#......
#.....lr'......
######Sg'g.....
#r##$..$..
#@##...... #..#
..... #########.##
.....
#.........####....
#............##...
#..#.#.#......#
##.........#### #
#.#.#.#..... ### #
#...........# #.#
#


You could see a gnoll, a quokka, a ball python, a frilled lizard and a rat.

Vanquished Creatures
  2 gnolls (D:2)
  An adder (D:2)
  3 ball pythons
  3 bats
  An endoplasm (D:1)
  4 hobgoblins (D:1)
  A quokka (D:1)
  A kobold (D:1)
16 creatures vanquished.

Notes
Turn   | Place    | Note
-------+----------+-------------------------------------------
     0 | D:1      | porpoise the Ogre Gladiator began the quest for the Orb.
     0 | D:1      | Reached XP level 1. HP: 22/22 MP: 1/1
   258 | D:1      | Reached XP level 2. HP: 31/31 MP: 2/2
   963 | D:2      | Reached XP level 3. HP: 37/37 MP: 3/3
  1317 | D:2      | Reached skill level 4 in Axes
  1318 | D:2      | Slain by a gnoll

Illustrated notes

Levels and vault maps discovered:
D:1:      psy_arrival_statuary, layout_basic, kennysheep_another_room,
          minmay_strange_pillars
D:2:      kennysheep_big_flooded_room, layout_loops_cross, basic_altar,
          serial_co_window_serial, co_window_of_opportunity_a,
          co_window_corner_a, co_window_corner_a, co_window_cross_1,
          co_window_corner_a, co_window_paths_a, co_window_of_opportunity_a,
          co_window_unsneaky_path_e, co_window_of_opportunity_b,
          co_window_2corner, co_window_unsneaky_path_a, co_window_broadway_b,
          co_window_corner_ca, co_window_corner_b, co_window_paths_d,
          glass_columns_c, glass_columns_a, glass_columns_b, glass_columns_b

Skill      XL: |  1  2  3 |
---------------+----------+-----
Fighting       | 3 |  3.6
Axes           | 4 |  4.1
Throwing       | |  2.0
Dodging        | |  2.6

Action                     || total
---------------------------++-------
  Melee: War axe           ||    45
 Armour: Robe              ||    22
  Dodge: Dodged            ||    24

Table legend: (Time is in decaauts)
 A = Elapsed time spent in this place.
 B = Non-inter-level travel time spent in this place.
 C = Inter-level travel time spent in this place.
 D = Time resting spent in this place.
 E = Time spent auto-exploring this place.
 F = Levels seen in this place.
 G = Mean time per level.
                   A        B        C        D        E       F      G
               +--------+--------+--------+--------+--------+-----+--------+
         Total |   1332 |   1309 |     23 |     40 |   1111 |   2 |  666.0 |
       Dungeon |   1332 |   1309 |     23 |     40 |   1111 |   2 |  666.0 |
               +--------+--------+--------+--------+--------+-----+--------+

Top non-repeatable levels by time:
     D:1: 831 daAuts
     D:2: 500 daAuts
